 Dungeon Crawl Stone Soup version 0.29.0-4-gdea44cf6ec (webtiles) character file.

Game seed: 17284550434015197821

11 qw the Sneak (level 2, -4/19 HPs)
             Began as a Gargoyle Delver on Sept 10, 2022.
             Slain by a centaur (6 damage)
             ... on level 5 of the Dungeon.
             The game lasted 00:00:05 (95 turns).

qw the Sneak (Gargoyle Delver)                        Turns: 95, Time: 00:00:05

Health: -4/19      AC:  8    Str: 15    XL:     2   Next: 29%
Magic:  2/2        EV: 11    Int: 10    God:
Gold:   30         SH:  0    Dex: 11    Spells: 1/1 levels left

rFire   . . .      SeeInvis .   Y - +0 hand axe
rCold   . . .      Faith    .   (no shield)
rNeg    + . .      Spirit   .   b - +0 leather armour
rPois   inf        Reflect  .   (no helmet)
rElec   +          Harm     .   (no cloak)
rCorr   .          Rampage  .   (no gloves)
Will    .....                   i - +2 pair of boots
Stlth   +++.......              (no amulet)
HPRegen 0.06/turn               (no ring)
MPRegen 0.08/turn               (no ring)

@: no status effects
A: sickness immunity, AC +2, negative energy resistance 1, electricity
resistance, torment resistance 1, petrification resistance
a: no special abilities


You were on level 5 of the Dungeon.
You visited 1 branch of the dungeon, and saw 1 of its levels.

You collected 30 gold pieces.


Innate Abilities, Weirdness & Mutations

You are immune to sickness and miasma.
Your stone body is resilient. (AC +2)
You are immune to poison.
You resist negative energy. (rN+)
You are resistant to electric shocks. (rElec)
You are resistant to unholy torment.
You are immune to petrification.


   Skills:
 - Level 3.2 Fighting
 + Level 2.6 Axes
 - Level 1.5 Dodging
 - Level 5.4 Stealth


You had one spell level left.
You didn't know any spells.
Your spell library was empty.

Inventory:

Hand Weapons
 Y - a +0 hand axe (weapon)
Armour
 b - a +0 leather armour (worn)
 i - a +2 pair of boots (worn)
Wands
 g - a wand of digging (3)
Potions
 f - a potion of haste
 h - a potion of degeneration {unknown}

Dungeon Overview and Level Annotations

Branches:
Dungeon (5/15)
 Temple: D:4-7

Altars:


Message History

The centaur closely misses you. The adder bites you but does no damage.
The centaur hits you but does no damage.
The centaur kicks you. The adder bites you but does no damage.
You hit the adder.
You kill the adder!
You barely miss the centaur. The centaur hits you.
The centaur kicks you but does no damage.
The centaur hits you but does no damage.
The centaur kicks you but does no damage.
You have reached level 2!
You barely miss the centaur.
The centaur is heavily wounded.
The centaur misses you.
The centaur kicks you but does no damage.
The centaur hits you. The centaur closely misses you.
You hit the centaur.
The centaur is severely wounded.
The centaur hits you but does no damage.
The centaur kicks you but does no damage.
You hit the centaur.
The centaur is almost dead.
The centaur hits you but does no damage.
The centaur completely misses you. The centaur barely misses you. x2
You hit the centaur but do no damage.
The centaur is almost dead.
The centaur barely misses you.
The centaur kicks you but does no damage.
The centaur barely misses you.
The centaur kicks you but does no damage.
You closely miss the centaur.
The centaur is almost dead.
The centaur hits you but does no damage.
The centaur kicks you but does no damage.
The centaur hits you but does no damage.
The centaur completely misses you.
You hit the centaur but do no damage.
The centaur is almost dead.
The centaur hits you.
You die...

.......####........#...
........####............
........................
.....$...?............#
#.................####
#.....................
###.....................
...........)............
.......@................
....##c..........##.....
... #>.<.............##
. .................+
.............##...#
...........#####...#
....................##
........#..............
...........


You could see a centaur.

Vanquished Creatures
  An adder (D:5)
  An orc (D:5)
2 creatures vanquished.

Notes
Turn   | Place    | Note
-------+----------+-------------------------------------------
     0 | D:5      | qw the Gargoyle Delver began the quest for the Orb.
     0 | D:5      | Reached XP level 1. HP: 14/14 MP: 1/1
     0 | D:5      | 0 ||| qw: Version: 0.1-a-116-g5d60599
     0 | D:5      | 0 ||| qw: Game counter: 8948
     0 | D:5      | 0 ||| qw: Always use a shield: true
     0 | D:5      | 0 ||| qw: God list: Okawaru
     0 | D:5      | 0 ||| qw: Allow faded altars: false
     0 | D:5      | 0 ||| qw: Do Orc after D:15 true
     0 | D:5      | 0 ||| qw: Do second Lair branch before Depths: true
     0 | D:5      | 0 ||| qw: Lair rune preference: random
     0 | D:5      | 0 ||| qw: Plans: Normal
     0 | D:5      | 0 ||| PLANNING D:1-11
    50 | D:5      | 50 ||| UPGRADING to +2 pair of boots.
    65 | D:5      | 65 ||| READING scroll labelled KEONAORCHAMOPP.
    66 | D:5      | 66 ||| DROPPING scroll of fog.
    67 | D:5      | 67 ||| DROPPING scroll of magic mapping.
    68 | D:5      | 68 ||| DROPPING scroll of fear.
    78 | D:5      | Noticed a centaur
    90 | D:5      | Reached XP level 2. HP: 7/19 MP: 2/2
    90 | D:5      | HP: 1/19 [centaur (6)]
    95 | D:5      | Slain by a centaur

Levels and vault maps discovered:
D:5:      layout_basic, uniq_menkaure, uniq_duvessa, uniq_crazy_yiuf_cottage

Skill      XL: |  1 |
---------------+----+-----
Axes           | 2 |  2.6
Fighting       | |  3.2
Dodging        | |  1.5
Stealth        | |  5.4

Action                   || total
-------------------------++-------
Melee: Hand axe          ||    18
  Use: Scroll            ||     1
Armor: Leather armour    ||    27
Dodge: Dodged            ||    31

Table legend:
 A = Non-vault XP
 B = Vault XP
 C = Vault XP percentage of total XP
 D = Non-vault monster count
 E = Vault monster count
 F = Vault count percentage of total count
                 A         B        C        D         E       F
            +---------+---------+-------+---------+---------+-------
      Total |      17 |       0 |   0.0 |       2 |       0 |   0.0
            +---------+---------+-------+---------+---------+-------
        D:5 |      17 |       0 |   0.0 |       2 |       0 |   0.0
            +---------+---------+-------+---------+---------+-------
